 Dungeon Crawl Stone Soup version 0.25-a0-1133-g93ebf739aa (webtiles) character file.

Game seed: 2558033990599149242, levelgen mode: deterministic

120 vurker the Chucker (level 5, -3/54 HPs)
             Began as an Ogre Hunter on May 21, 2020.
             Splashed by a jelly's acid (5 damage)
             ... on level 2 of the Dungeon.
             The game lasted 00:03:23 (2711 turns).

vurker the Chucker (Ogre Hunter)                    Turns: 2711, Time: 00:03:24

Health: -3/54      AC: -9    Str: 17    XL:     5   Next: 4%
Magic:  5/5        EV: 10    Int: 12    God:
Gold:   109        SH:  0    Dex:  9    Spells: 4/4 levels left

rFire    . . .     SeeInvis .   a - +0 short sword
rCold    . . .     Gourm    .   (no shield)
rNeg     . . .     Faith    .   b - +0 robe
rPois    .         Spirit   .   (helmet restricted)
rElec    .         Reflect  .   (no cloak)
rCorr    .         Harm     .   (gloves unavailable)
MR       .....                  (boots unavailable)
Stlth    +.........             (no amulet)
HPRegen  0.18/turn              (no ring)
MPRegen  0.09/turn              (no ring)

@: corroded
A: large, unfitting armour, tough skin 1
a: no special abilities


You were on level 2 of the Dungeon.
You were not hungry.

You visited 1 branch of the dungeon, and saw 2 of its levels.

You collected 109 gold pieces.

Inventory:

Hand Weapons
 a - a +0 short sword (weapon)
 n - a +0 club
   (You took it off a hobgoblin on level 1 of the Dungeon)
Missiles
 c - 2 large rocks (quivered)
 d - 2 throwing nets
Armour
 b - a +0 robe (worn)
Scrolls
 f - a scroll of teleportation {unknown}
 g - 2 scrolls of fear {unknown}
 i - 6 scrolls of identify {unknown}
 j - a scroll of random uselessness {unknown}
 l - a scroll of fog {unknown}
 m - a scroll of remove curse {unknown}
Potions
 h - 2 potions of stabbing {unknown}
 k - a potion of mutation {unknown}
 o - a potion of lignification {unknown}
 p - a potion of might {unknown}
 q - a potion of haste {unknown}
 s - a potion of curing {unknown}
Comestibles
 e - 5 rations
 r - 3 chunks of flesh


   Skills:
 + Level 4.2 Fighting
 * Level 2.3 Maces & Flails
 + Level 4.7 Throwing
 - Level 1.7 Dodging
 - Level 0.6 Stealth


You had 4 spell levels left.
You didn't know any spells.
Your spell library was empty.

Dungeon Overview and Level Annotations

Branches:
Dungeon (2/15)

Altars:
Dithmenos
Hepliaklqana
Xom


Innate Abilities, Weirdness & Mutations

You are too large for most types of armour.
You have tough skin. (AC +1)


Message History

There isn't anything here!
Unknown command.
Throwing (i - inventory. (/) - cycle)
c - 5 large rocks (quivered)
Aim: a jelly (severely wounded)
You throw a large rock. The large rock hits the jelly!
You kill the jelly!
You have reached level 5!
There is an open door here.
You see here a large rock.
c - 5 large rocks (gained 1)
You close the door.
Eating one of 6 chunks of flesh.
You eat one of the 6 chunks of flesh.
You are no longer corroded.
Some of the chunks of flesh in your inventory have rotted away.
You open the door.
There is an open door here.
You open the door.
A jelly comes into view.
The jelly quivers.
A jelly is nearby!
You hit the jelly but do no damage.
Your hands burn!
The jelly hits you. The acid corrodes you!
You are splashed with acid!
The jelly hits you.
You are splashed with acid!
You hit the jelly but do no damage. The acid corrodes you!
Your hands burn!
The jelly barely misses you.
You hit the jelly but do no damage. The acid corrodes you!
Your hands burn!
The jelly hits you.
You are splashed with acid!
* * * LOW HITPOINT WARNING * * *
Some of the chunks of flesh in your inventory have rotted away.
Throwing (i - inventory. (/) - cycle)
c - 5 large rocks (quivered)
Aim: a jelly You throw a large rock.
The large rock completely misses the jelly.
The jelly barely misses you.
Throwing (i - inventory. (/) - cycle)
c - 4 large rocks (quivered)
Aim: a jelly You throw a large rock.
The large rock hits the jelly.
The jelly hits you.
* * * LOW HITPOINT WARNING * * *
You are splashed with acid!
* * * LOW HITPOINT WARNING * * *
The jelly hits you.
* * * LOW HITPOINT WARNING * * *
The acid corrodes you!
You are splashed with acid.
* * * LOW HITPOINT WARNING * * *
Throwing (i - inventory. (/) - cycle)
c - 3 large rocks (quivered)
Aim: a jelly (lightly wounded)
You throw a large rock. The large rock hits the jelly.
The jelly hits you.
* * * LOW HITPOINT WARNING * * *
You are splashed with acid.
You die...

#............# ##.#....
#.............# #..##.#.
#.###....########.#
#.####.#
#........'.'..###.#
#.##.##.
#####....###...## #
#.##..## ##...###...##
#.###..# #...+.'._.##
#.##.... #...###...##.#
.#.##.##.
#...###@..##.##.#)####..
#...+.J..##.....#.##...#
#...######......#.##.###
##### ####......#.####..
#............#.##...#
#...###.....##.##.###
#............#.##'#.#
#..####.####....#.#..
#..##.)...##.......#.


You could see a jelly.

Vanquished Creatures
  A jelly (D:2)
  An adder (D:2)
  2 oozes
  3 worms (D:2)
  3 dart slugs (D:1)
  2 leopard geckos
  5 bats
  6 giant cockroaches
  6 goblins
  4 hobgoblins
  An iguana (D:2)
  2 ball pythons
  5 frilled lizards
  7 kobolds
  A quokka zombie (D:2)
  9 rats
58 creatures vanquished.

Notes
Turn   | Place    | Note
-------+----------+-------------------------------------------
     0 | D:1      | vurker the Ogre Hunter began the quest for the Orb.
     0 | D:1      | Reached XP level 1. HP: 22/22 MP: 1/1
   171 | D:1      | Reached XP level 2. HP: 14/31 MP: 2/2
   705 | D:1      | You fall into a shaft and drop 1 floor!
   835 | D:2      | Reached skill level 1 in Maces & Flails
   835 | D:2      | Reached XP level 3. HP: 24/37 MP: 3/3
  1687 | D:1      | Found a shadowy altar of Dithmenos.
  1713 | D:1      | Reached XP level 4. HP: 44/48 MP: 4/4
  2339 | D:2      | Found a hazy altar of Hepliaklqana.
  2542 | D:2      | Found a shimmering altar of Xom.
  2554 | D:2      | Reached XP level 5. HP: 27/54 MP: 5/5
  2711 | D:2      | HP: 2/54 [jelly (2)]
  2711 | D:2      | Splashed by a jelly's acid

Illustrated notes

Levels and vault maps discovered:
D:1:      minmay_arrival_shattered_statue, layout_basic, minmay_hexomino_r4
D:2:      minmay_razor_zed, layout_basic, old_standard_altar,
          minmay_misc_feat_rugged, dk_xom_monty_hall

Skill      XL: |  1  2  3  4 |
---------------+-------------+-----
Fighting       | 3 4 |  4.2
Maces & Flails | 1 2 |  2.3
Throwing       | |  4.7
Dodging        | |  1.7
Stealth        | |  0.6

Action                   |  1- 3 |  4- 6 || total
-------------------------+-------+-------++-------
Melee: Short sword       |   135 |    98 ||   233
Throw: Large rock        |     1 |     4 ||     5
 Stab: Sleeping          |     1 |       ||     1
  Eat: Chunk             |     2 |     4 ||     6
Armor: Robe              |    36 |    14 ||    50
Dodge: Dodged            |    91 |    53 ||   144

Table legend:
 A = Non-vault XP
 B = Vault XP
 C = Vault XP percentage of total XP
 D = Non-vault monster count
 E = Vault monster count
 F = Vault count percentage of total count
                 A         B        C        D         E       F
            +---------+---------+-------+---------+---------+-------
      Total |     104 |      68 |  39.5 |      46 |      12 |  20.7
            +---------+---------+-------+---------+---------+-------
        D:1 |      47 |      14 |  23.0 |      28 |       5 |  15.2
        D:2 |      57 |      54 |  48.6 |      18 |       7 |  28.0
            +---------+---------+-------+---------+---------+-------
